 Dungeon Crawl Stone Soup version 0.21-a0-349-g0c35859 (webtiles) character file.

259 Hasart the Slasher (level 5, 0/41 HPs)
             Began as a Demonspawn Fighter on Oct 8, 2017.
             Slain by a bullfrog skeleton (3 damage)
             ... on level 4 of the Dungeon.
             The game lasted 00:06:53 (2279 turns).

Hasart the Slasher (Demonspawn Fighter)             Turns: 2279, Time: 00:06:55

Health: 0/41       AC:  6    Str: 23    XL:     5   Next: 95%
Magic:  5/5        EV:  5    Int:  9    God:
Gold:   42         SH: 14    Dex: 12    Spells: 4/4 levels left

rFire    + + .     SeeInvis .   a - +0 long sword
rCold    + . .     Gourm    .   s - +0 large shield
rNeg     . . .     Faith    .   b - +0 scale mail
rPois    .         Spirit   .   (helmet restricted)
rElec    .         Reflect  .   (no cloak)
rCorr    .         Harm     .   (no gloves)
MR       +....                  (no boots)
Stlth    ..........             (no amulet)
HPRegen  0.13/turn              m - ring of protection from magic
MPRegen  0.09/turn              q - +5 ring of strength

@: no status effects
A: antennae 1, cold resistance 1, demonic guardian 1, fire resistance 2, flame
cloud immunity
a: no special abilities


You were on level 4 of the Dungeon.
You were hungry.

You visited 1 branch of the dungeon, and saw 4 of its levels.

You collected 42 gold pieces.

Inventory:

Hand Weapons
 a - a +0 long sword (weapon)
Armour
 b - a +0 scale mail (worn)
 c - a +0 shield
 s - a +0 large shield (worn)
Jewellery
 m - a ring of protection from magic (left hand)
 q - a +5 ring of strength (right hand)
Scrolls
 e - 2 scrolls of identify {unknown}
 i - a scroll of magic mapping {unknown}
 j - 2 scrolls of teleportation {unknown}
 k - a scroll of enchant weapon {unknown}
 o - a scroll of remove curse {unknown}
 r - a scroll of random uselessness {unknown}
Potions
 d - 3 potions of might
 l - a potion of mutation
 p - a potion of agility {unknown}
Comestibles
 f - 2 bread rations
 h - 4 meat rations
 n - a royal jelly


   Skills:
 - Level 3.0 Fighting
 + Level 5.7 Long Blades
 - Level 2.6 Armour
 - Level 2.6 Shields


You had 4 spell levels left.
You didn't know any spells.

Dungeon Overview and Level Annotations

Branches:
Dungeon (4/15)
 Temple: D:4-7

Altars:
Uskayaw

Annotations:
D:3 Grinder


Innate Abilities, Weirdness & Mutations

You have a pair of small antennae on your head.
A weak demonic guardian rushes to your aid.
Your flesh is very heat resistant. (rF++)
You are immune to clouds of flame.
Your flesh is cold resistant. (rC+)


Message History

The jackal bites your iron imp.
A bullfrog skeleton comes into view.
The jackal bites your iron imp but does no damage.
Your iron imp hits the jackal.
The jackal bites your iron imp but does no damage.
Your iron imp hits the jackal!
The jackal dies!
You swap places.
You closely miss the frilled lizard.
Your iron imp disappears in a puff of smoke!
You block the frilled lizard's attack.
You barely miss the frilled lizard. The frilled lizard barely misses you.
The bullfrog skeleton hits you but does no damage.
The frilled lizard bites you.
* * * LOW HITPOINT WARNING * * *
You barely miss the frilled lizard.
You block the bullfrog skeleton's attack.
Your ufetubus hits the bullfrog skeleton. x2
The bullfrog skeleton hits you.
You die...

######### ##########
.........# ##........#
#$.........######?.#..#####
#..........5Z@l.††##{##
#..........########.{#
###..........########{##
...?........##.hh.lh.#
#.............##hh5.......
#..........#....lh......[.
#.........>.....##....#...
#####.....=####.......####
.. ..h...†.#### ....######
#


You could see a frilled lizard, a bullfrog skeleton and a friendly ufetubus.

Vanquished Creatures
  A hound (D:4)
  Jessica (D:2)
  A gnoll (D:1)
  2 adders
  3 oozes
  An adder skeleton (D:4)
  A worm (D:2)
  2 dart slugs
  A leopard gecko (D:1)
  2 orcs (D:3)
  2 ball pythons (D:1)
  5 giant cockroaches
  6 hobgoblins
  7 jackals
  A quokka (D:3)
  8 bats
  3 frilled lizards
  6 goblins
  12 kobolds
  7 rats
72 creatures vanquished.

Vanquished Creatures (collateral kills)
  2 orc priests (D:3)
  A hound (D:4)
  An iguana (D:4)
  An orc (D:3)
  4 jackals (D:4)
  A rat (D:3)
10 creatures vanquished.

Grand Total: 82 creatures vanquished

Notes
Turn   | Place    | Note
-------+----------+-------------------------------------------
     0 | D:1      | Hasart the Demonspawn Fighter began the quest for the Orb.
     0 | D:1      | Reached XP level 1. HP: 18/18 MP: 1/1
    68 | D:1      | Reached skill level 2 in Long Blades
   281 | D:1      | Gained mutation: Your flesh is heat resistant. (rF+) [demonic ancestry]
   281 | D:1      | Reached XP level 2. HP: 9/24 MP: 2/2
   583 | D:1      | Reached skill level 3 in Long Blades
   660 | D:1      | Gained mutation: You have a pair of small antennae on your head. [demonic ancestry]
   660 | D:1      | Reached XP level 3. HP: 22/29 MP: 3/3
  1228 | D:2      | Gained mutation: You are immune to clouds of flame. [demonic ancestry]
  1228 | D:2      | Reached XP level 4. HP: 26/35 MP: 4/4
  1349 | D:2      | Reached skill level 4 in Long Blades
  1482 | D:2      | Noticed Jessica
  1487 | D:2      | Killed Jessica
  1587 | D:2      | Found a hide-covered altar of Uskayaw.
  1846 | D:3      | Gained mutation: A weak demonic guardian rushes to your aid. [demonic ancestry]
  1846 | D:3      | Reached XP level 5. HP: 40/41 MP: 5/5
  1923 | D:3      | Gained mutation: Your flesh is cold resistant. (rC+) [potion of mutation]
  1923 | D:3      | Gained mutation: Your flesh is very heat resistant. (rF++) [potion of mutation]
  1925 | D:3      | Reached skill level 5 in Long Blades
  2042 | D:3      | Noticed Grinder
  2279 | D:4      | Slain by a bullfrog skeleton

Vault maps used:
D:1:      nagdon_arrival_zigzag_paths, minmay_pentomino_u4
D:2:      old_standard_altar, uniq_jessica
D:3:      uniq_grinder
D:4:      minitemple, minmay_temple_entry_junction,
          lightli_ossuary_entry_decrepit_ruins, uniq_robin

Skill      XL: |  1  2  3  4  5 |
---------------+----------------+-----
Long Blades    | 2 3 4 5 |  5.7
Fighting       | |  3.0
Armour         | |  2.6
Shields        | |  2.6

Action                   |  1- 3 |  4- 6 || total
-------------------------+-------+-------++-------
Melee: Long sword        |   117 |   124 ||   241
  Use: Potion            |       |     2 ||     2
  Eat: Chunk             |     1 |     3 ||     4
Armor: Scale mail        |    47 |    77 ||   124
Dodge: Dodged            |    22 |    42 ||    64
Block: Shield            |    65 |    53 ||   118
       Large shield      |       |    11 ||    11
       Rpst.: Long sword |     5 |     8 ||    13

Table legend:
 A = Spawn XP
 B = Non-spawn XP
 C = Spawn XP percentage of total XP
 D = Spawn monster count
 E = Non-spawn monster count
 F = Spawn count percentage of total count
 G = Total turns spent on level
                    A         B        C        D         E        F      G
               +---------+---------+-------+---------+---------+-------+---------
         Total |       0 |     371 |   0.0 |       0 |      82 |   0.0 |  2279
               +---------+---------+-------+---------+---------+-------+---------
           D:1 |       0 |      78 |   0.0 |       0 |      33 |   0.0 |  1196
           D:2 |       0 |      95 |   0.0 |       0 |      24 |   0.0 |   594
           D:3 |       0 |     111 |   0.0 |       0 |      16 |   0.0 |   398
           D:4 |       0 |      87 |   0.0 |       0 |       9 |   0.0 |    91
               +---------+---------+-------+---------+---------+-------+---------
